 Dungeon Crawl Stone Soup version 0.28-a0-620-g539b0f7ac7 (webtiles) character file.

Game seed: 4194672036184764276

5420 ryw the Fighter (level 10, -4/90 HPs)
             Began as a Demonspawn Gladiator on Oct 6, 2021.
             Was a Follower of Okawaru.
             Slain by an orc knight (17 damage)
             ... in a bailey.
             The game lasted 00:21:31 (10325 turns).

ryw the Fighter (Demonspawn Gladiator)             Turns: 10325, Time: 00:21:31

Health: -4/90      AC: 20    Str: 15    XL:     10   Next: 40%
Magic:  8/10       EV: 14    Int:  9    God:    Okawaru [*.....]
Gold:   87         SH:  0    Dex: 24    Spells: 9/9 levels left

rFire   . . .      SeeInvis .   w - +4 battleaxe
rCold   . . .      Faith    .   (shield currently unavailable)
rNeg    . . .      Spirit   .   h - +2 chain mail {rPois}
rPois   +          Reflect  .   v - +2 hat
rElec   .          Harm     .   (no cloak)
rCorr   .          Rampage  .   (no gloves)
Will    .....                   (no boots)
Stlth   ..........              g - amulet of regeneration
HPRegen 1.25/turn               r - +6 ring of dexterity
MPRegen 0.12/turn               i - +4 ring of protection

@: heroic, hasted, very quick
A: thin metallic scales 2, spiny 1, demonic touch 1
a: Renounce Religion, Heroism


You were in a bailey.
You worshipped Okawaru.
Okawaru was aware of your devotion.
You visited 2 branches of the dungeon, and saw 9 of its levels.
You also visited: Sewer and Bailey.

You collected 464 gold pieces.
You spent 377 gold pieces at shops.

Inventory:

Hand Weapons
 w - a +4 battleaxe (weapon)
Missiles
 c - 3 throwing nets (quivered)
Armour
 h - a +2 chain mail of poison resistance (worn)
 v - a +2 hat (worn)
Jewellery
 a - a ring of see invisible
 g - an amulet of regeneration (around neck)
 i - a +4 ring of protection (right hand)
 r - a +6 ring of dexterity (left hand)
Wands
 t - a wand of acid (12)
 u - a wand of polymorph (7)
Scrolls
 f - 3 scrolls of blinking
 k - 4 scrolls of identify
 o - 2 scrolls of fear
 x - a scroll of teleportation
Potions
 b - 2 potions of heal wounds
 d - a potion of mutation
 j - a potion of haste
 m - 2 potions of attraction
 n - a potion of curing
 p - 2 potions of brilliance
 s - 3 potions of lignification


   Skills:
 - Level 12.3(17.3) Fighting
 * Level 3.9(8.9) Axes
 - Level 1.7(6.7) Throwing
 + Level 8.3(13.3) Dodging
 - Level 2.6(7.6) Unarmed Combat


You had 9 spell levels left.
You didn't know any spells.
Your spell library contained the following spells:

 Spells                   Type           Power      Damage    Failure   Level
 Pain                     Necr           0%         1d4       100%        1
 Vampiric Draining        Necr           0%         2d6       100%        3
 Animate Skeleton         Necr           Unusable   N/A       N/A         1

Dungeon Overview and Level Annotations

Branches:
Dungeon (8/15)             Temple (1/1) D:6           Sewer (visited)
 Bailey (1/1)
   Lair: D:8-11

Altars:
Ashenzari
Cheibriados
Dithmenos
Elyvilon
Fedhas
Gozag
Hepliaklqana
Kikubaaqudgha
Makhleb
Nemelex Xobeh
Okawaru
Qazlal
Ru
Sif Muna
Trog
Uskayaw
Vehumet
Wu Jian
Xom
Yredelemnul
Zin
The Shining One

Shops:
D:7 [(


Innate Abilities, Weirdness & Mutations

You are mostly covered in thin metallic scales. (AC +3)
You are partially covered in sharp spines.
Your touch may inflict minor irresistible damage on your foes.


Message History

The orc knight is lightly wounded.
The orc knight misses you. The gnoll misses you.
You slash the orc knight!
The orc knight is lightly wounded.
The orc knight barely misses you. The gnoll barely misses you.
You hit the orc knight.
The orc knight is lightly wounded.
The orc knight barely misses you. The gnoll barely misses you.
You closely miss the orc knight.
The orc knight is lightly wounded.
The orc knight hits you with a +3 dire flail!
The gnoll closely misses you.
You closely miss the orc knight.
The orc knight is lightly wounded.
The orc knight closely misses you. The gnoll hits you but does no damage.
Your chain mail prevents you from hitting the orc knight.
The orc knight is lightly wounded.
The orc knight misses you.
You gain the combat prowess of a mighty hero.
The gnoll hits you but does no damage.
You are electrocuted!
You slash the orc knight!
The orc knight is moderately wounded.
The orc knight hits you with a +3 dire flail!!
The gnoll closely misses you.
You barely miss the orc knight.
The orc knight is moderately wounded.
The orc knight barely misses you. The gnoll hits you but does no damage.
You are electrocuted!!
You closely miss the orc knight.
The orc knight is moderately wounded.
The orc knight is struck by your spines.
The orc knight hits you with a +3 dire flail!!
* * * LOW HITPOINT WARNING * * *
The gnoll hits you from afar with a +1 halberd of electrocution.
* * * LOW HITPOINT WARNING * * *
Unknown command.
You hit the orc knight but do no damage.
The orc knight is heavily wounded.
The orc knight hits you with a +3 dire flail!
You die...

### ### #####
#.###.###)@o#
##'##'##'###g#
##.....## gg
###.....###
g..
#.'..⌠..'.#
⌠..
###.((..### ..
##..(.)## .
##'##'##'##
#.###.###.#


You could see an orc knight, 3 gnolls and a hobgoblin.

Vanquished Creatures
  Harold (D:8)
  Pikel (D:4)
  Joseph (D:8)
  Maggie (D:6)
  Grinder (D:6)
  Eustachio (D:6)
  2 steam dragons
  Edmund (D:6)
  2 sky beasts (D:5)
  2 necrophages
  3 black bears
  A hornet zombie (D:6)
  A phantom (D:5)
  4 bullfrogs
  A wyvern zombie (D:6)
  A water moccasin skeleton (D:7)
  2 wyvern skeletons
  9 killer bees
  4 wights (D:7)
  3 howler monkeys
  A centaur zombie (D:7)
  2 hounds
  2 orc priests (D:6)
  A centaur skeleton (D:6)
  A gnoll shaman (D:6)
  A bullfrog skeleton (D:6)
  4 iguanas
  2 scorpion zombies
  4 orc wizards
  A killer bee zombie (D:7)
  A hound zombie (D:3)
  A hound skeleton (D:4)
  Robin (D:4)
  22 gnolls
  A river rat (D:4)
  7 adders
  An ufetubus (D:4)
  An adder zombie (D:3)
  5 worms
  2 dart slugs (D:2)
  20 orcs
  24 ball pythons
  20 endoplasms
  10 giant cockroaches
  15 goblins
  17 hobgoblins
  15 quokkas
  6 bats
  12 frilled lizards
  19 kobolds
  10 rats
271 creatures vanquished.

Vanquished Creatures (others)
  A plant (D:7)
1 creature vanquished.

Grand Total: 272 creatures vanquished

Notes
Turn   | Place    | Note
-------+----------+-------------------------------------------
     0 | D:1      | ryw the Demonspawn Gladiator began the quest for the Orb.
     0 | D:1      | Reached XP level 1. HP: 16/16 MP: 1/1
    88 | D:1      | Gained mutation: Your touch may inflict minor irresistible
                  | damage on your foes. [demonic ancestry]
    88 | D:1      | Reached XP level 2. HP: 19/23 MP: 2/2
   269 | D:1      | Reached skill level 3 in Fighting
   873 | D:1      | Gained mutation: You are partially covered in thin metallic
                  | scales. (AC +2) [demonic ancestry]
   873 | D:1      | Reached XP level 3. HP: 29/29 MP: 3/3
  1459 | D:2      | Reached skill level 4 in Fighting
  1548 | D:2      | Found a faded altar of an unknown god.
  1654 | D:2      | Reached XP level 4. HP: 38/38 MP: 4/4
  2068 | D:2      | Reached skill level 5 in Fighting
  2458 | D:3      | Gained mutation: You are partially covered in sharp spines.
                  | [demonic ancestry]
  2458 | D:3      | Reached XP level 5. HP: 44/44 MP: 5/5
  2554 | D:3      | Found a basalt altar of Yredelemnul.
  3394 | D:4      | Reached skill level 6 in Fighting
  3457 | D:4      | Reached XP level 6. HP: 52/53 MP: 6/6
  3817 | D:4      | Found a glowing drain.
  3825 | Sewer    | Entered a sewer
  4099 | Sewer    | Reached skill level 7 in Fighting
  4171 | Sewer    | Gained mutation: You are mostly covered in thin metallic
                  | scales. (AC +3) [demonic ancestry]
  4171 | Sewer    | Reached XP level 7. HP: 38/61 MP: 7/7
  4413 | D:4      | Noticed Robin
  4435 | D:4      | Killed Robin
  4573 | D:4      | Found a hazy altar of Hepliaklqana.
  4627 | D:4      | Noticed Pikel
  4654 | D:4      | Killed Pikel
  4655 | D:4      | Reached skill level 9 in Fighting
  4655 | D:4      | Reached XP level 8. HP: 48/71 MP: 8/8
  5158 | D:5      | Entered Level 5 of the Dungeon
  5553 | D:5      | Found an ancient bone altar of Kikubaaqudgha.
  5656 | D:5      | Reached skill level 10 in Fighting
  5875 | D:6      | HP: 3/72 [hornet zombie (1)]
  6267 | D:6      | Noticed Edmund
  6278 | D:6      | Noticed Maggie
  6298 | D:6      | Found a staircase to the Ecumenical Temple.
  6301 | D:6      | Noticed Grinder
  6321 | Temple   | Entered the Ecumenical Temple
  6904 | D:6      | Killed Grinder
  6905 | D:6      | Reached skill level 5 in Dodging
  7025 | D:6      | Reached XP level 9. HP: 65/79 MP: 9/9
  7143 | D:5      | Reached skill level 11 in Fighting
  7834 | D:6      | Killed Maggie
  8257 | D:6      | Noticed Eustachio
  8275 | D:6      | Killed Eustachio
  8574 | D:6      | Killed Edmund
  8575 | D:6      | Reached skill level 12 in Fighting
  8895 | Temple   | Became a worshipper of Warmaster Okawaru
  9184 | D:7      | Reached XP level 10. HP: 28/85 MP: 10/10
  9709 | D:7      | Found Dajacvur's Antique Armour Shoppe.
  9736 | D:7      | Bought a shiny chain mail for 195 gold pieces
  9736 | D:7      | Bought a glowing hat for 182 gold pieces
  9840 | D:7      | Found Wigg's Hydra Hut.
  9844 | D:7      | Noticed a four-headed hydra
  9916 | D:7      | Reached skill level 1 in Axes
 10078 | D:8      | Noticed Harold
 10086 | D:8      | Killed Harold
 10086 | D:8      | Reached * piety under Okawaru
 10159 | D:8      | Noticed Joseph
 10163 | D:8      | Found a flagged portal.
 10174 | D:8      | Killed Joseph
 10187 | Bailey   | Entered a bailey
 10303 | Bailey   | Noticed an orc knight
 10325 | Bailey   | Slain by an orc knight

Illustrated notes

Levels and vault maps discovered:
D:1:      scummos_arrival_simple_fountains, layout_basic
D:2:      layout_loops_ring, ebering_ecumenical_altar_box
D:3:      layout_basic, nicolae_yredelemnul_corpse_copse, dk_noncrumbling_4
D:4:      layout_basic, chequers_temple_overflow_statue_of_worship,
          portal_sewer_entry_e, wad_floor_pattern_untrapped, uniq_robin,
          uniq_pikel
D:5:      layout_cave_pods, mainiacjoe_overflow_chevrons, supply_closet_lemuel,
          amcnicky_mini_rare_corridor_liquid, fountainhead
D:6:      layout_basic, minmay_temple_entry_slanted, minmay_misc_feat_diagonals,
          uniq_grinder, uniq_eustachio, uniq_edmund, uniq_maggie
D:7:      layout_cave_pools, serial_shops, nicolae_square_shop,
          doesnt_shop_hydraphobe
D:8:      layout_basic, enter_bailey_2, grunt_ministairs_1, uniq_joseph,
          uniq_harold
Temple:   hc_temple_tempest_star
Bailey:   bailey_axe_2, bailey

Skill      XL: |  1  2  3  4  5  6  7  8  9 10 |
---------------+-------------------------------+-----
Fighting       | 3 4 5 6 7 9 10 12 | 12.3
Dodging        | 5 7 8 |  8.3
Axes           | 3 |  3.9
Throwing       | |  1.7
Unarmed Combat | |  2.6

Action                   |  1- 3 |  4- 6 |  7- 9 | 10-12 || total
-------------------------+-------+-------+-------+-------++-------
Melee: Unarmed           |   136 |   267 |   178 |       ||   581
       Punch             |    18 |    38 |    70 |     1 ||   127
       Bite              |     1 |       |     5 |       ||     6
       Hand axe          |       |       |   121 |    10 ||   131
       Battleaxe         |       |       |       |    84 ||    84
Throw: Throwing net      |       |       |     1 |       ||     1
Invok: Heroism           |       |       |       |     1 ||     1
  Use: Potion            |       |       |     7 |     1 ||     8
       Scroll            |       |       |     1 |    10 ||    11
 Stab: Sleeping          |       |     2 |     6 |       ||     8
Armor: Leather armour    |    39 |    60 |    63 |       ||   162
       Steam dragon scal |       |       |    37 |     5 ||    42
       Chain mail        |       |       |       |    47 ||    47
       Skin              |       |       |       |     8 ||     8
Dodge: Dodged            |    63 |   147 |   238 |    81 ||   529

Table legend: (Time is in decaauts)
 A = Elapsed time spent in this place.
 B = Non-inter-level travel time spent in this place.
 C = Inter-level travel time spent in this place.
 D = Time resting spent in this place.
 E = Time spent auto-exploring this place.
 F = Levels seen in this place.
 G = Mean time per level.
                   A        B        C        D        E       F      G
               +--------+--------+--------+--------+--------+-----+--------+
         Total |  10442 |  10169 |    273 |   2293 |   5879 |  11 |  949.3 |
       Dungeon |   9161 |   8944 |    217 |   1904 |   5445 |   8 | 1145.1 |
        Temple |    599 |    543 |     56 |    287 |    208 |   1 |  599.0 |
         Sewer |    526 |    526 |      0 |    102 |    182 |   1 |  526.0 |
        Bailey |    154 |    154 |      0 |      0 |     44 |   1 |  154.0 |
               +--------+--------+--------+--------+--------+-----+--------+

Top non-repeatable levels by time:
     D:6: 2222 daAuts
     D:2: 1326 daAuts
     D:4: 1317 daAuts
     D:5: 1295 daAuts
     D:3: 1063 daAuts
     D:1: 963 daAuts
     D:7: 846 daAuts
  Temple: 599 daAuts
   Sewer: 526 daAuts
  Bailey: 154 daAuts
     D:8: 125 daAuts
